Map: Ruins of Seras

Players

lesha - Winner!

  • Race: Terran Terran

A.I. 1 (Hard)

  • Race: Terran Terran

VOD

Have the link to the VOD?

Description

Time

  • Played on: Dec. 2, 2015, 9:50 a.m.
  • Length: 14:58
Show
View Real Time Build Order
Export as new Build Order

lesha Terran - Winner!

Build Orders: MMM Bio 

Get SALT Encoding   

  12  0:02  SCV  
  13  0:14  SCV  
  14  0:21  Supply Depot  
  14  0:26  SCV  
  15  0:43  SCV  
  15  0:45  Barracks  
  16  0:59  SCV  
  17  1:12  SCV  
  18  1:22  Command Center  
  18  1:33  Orbital Command  
  18  1:38  Marine  
  19  1:45  Refinery  
  19  1:50  Refinery  
  19  1:56  Marine  
  20  2:07  SCV  
  20  2:34  Barracks  
  20  2:37  Bunker  
  20  2:39  Barracks, Orbital Command  
  20  2:45  SCV  
  21  2:57  SCV  
  22  3:01  Supply Depot  
  22  3:06  Marine  
  22  3:09  SCV  
  24  3:14  Supply Depot  
  24  3:15  SCV  
  25  3:21  SCV  
  25  3:26  Barracks Tech Lab  
  26  3:27  Barracks Reactor, SCV  
  26  3:28  Barracks Reactor  
  27  3:37  Factory  
  27  3:42  SCV x2  
  29  3:53  Stimpack  
  29  4:05  SCV, Engineering Bay x2  
  29  4:06  SCV  
  31  4:17  Marine x3  
  31  4:18  SCV x2  
  36  4:24  Starport  
  36  4:27  Factory Reactor  
  36  4:30  SCV  
  37  4:33  SCV  
  38  4:42  SCV  
  38  4:45  Supply Depot, SCV  
  40  4:49  Refinery  
  40  4:52  Refinery  
  40  4:54  SCV, Marine x4  
  40  4:55  Marine  
  40  4:57  SCV  
  47  5:12  Marine  
  48  5:16  Starport  
  48  5:25  Terran Infantry Weapons Level 1  
  48  5:26  Terran Infantry Armor Level 1  
  48  5:27  Barracks x2  
  48  5:29  Barracks  
  48  5:30  SCV x2  
  50  5:42  SCV  
  51  6:00  SCV  
  51  6:01  SCV  
  53  6:04  Missile Turret x2  
  53  6:07  Missile Turret x2  
  53  6:12  Missile Turret, Medivac x2  
  57  6:21  Starport Reactor  
  57  6:25  Barracks Reactor x3  
  57  6:27  Marine x3  
  57  6:32  Combat Shields  
  60  6:42  Medivac  
  60  6:44  Supply Depot  
  62  6:47  Supply Depot  
  62  7:04  Marine  
  62  7:05  Marine  
  62  7:06  Medivac x2, Marine x3  
  62  7:07  Medivac  
  59  7:45  Marine x6  
  59  7:46  Marine x5  
  59  7:49  Medivac x4  
  78  8:10  Supply Depot  
  78  8:13  Command Center  
  78  8:14  Supply Depot  
  78  8:30  Armory  
  78  8:31  Marine x3  
  78  8:32  Supply Depot, Marine x4  
  85  8:37  Supply Depot  
  85  8:40  Marine x2  
  85  8:41  Marine x2  
  89  8:45  Medivac x2  
  93  8:49  Command Center, Marine  
  93  8:53  Marine  
  93  8:54  Supply Depot, Medivac x2  
  99  8:59  Supply Depot  
  99  9:19  Marine x2  
  99  9:20  Marine x6  
  99  9:21  Marine x3  
  99  9:23  Medivac  
  99  9:24  Medivac x2  
  116  9:30  Command Center  
  116  9:43  Orbital Command  
  116  9:49  SCV x2  
  118  10:01  SCV x2  
  120  10:08  Orbital Command  
  120  10:13  SCV x2  
  122  10:15  Supply Depot  
  122  10:23  Supply Depot  
  122  10:25  SCV x2  
  124  10:29  Marine x4  
  124  10:30  Marine x7  
  124  10:33  Medivac  
  137  10:39  Supply Depot  
  137  10:45  Supply Depot  
  137  10:47  Marine x2  
  137  10:48  Terran Infantry Weapons Level 2, Terran Infantry Armor Level 2  
  139  11:01  Supply Depot  
  139  11:07  Supply Depot  
  132  11:11  Barracks  
  132  11:12  Barracks  
  132  11:13  Barracks x2  
  126  11:23  Supply Depot  
  126  11:25  Marine x4  
  127  11:26  Marine x7  
  127  11:30  Medivac  
  139  11:35  Orbital Command  
  139  11:43  Marine x3  
  142  11:55  SCV x4  
  146  12:06  Barracks Reactor x4  
  146  12:07  SCV x4  
  146  12:08  Marine x7  
  153  12:09  Marine x4  
  153  12:12  Medivac  
  153  12:13  Medivac x2  
  167  12:19  SCV x4  
  171  12:25  Marine  
  172  12:31  SCV x3  
  172  12:32  SCV x2  
  177  12:43  SCV  
  167  13:22  SCV x2  
  167  13:23  SCV x3  
  172  13:28  Marine x6  
  172  13:29  Marine x7  
  172  13:30  Marine x6  
  172  13:32  Widow Mine  
  172  13:34  Medivac x3  
  199  13:46  Marine  
Show
View Real Time Build Order
Export as new Build Order

A.I. 1 (Hard) Terran 

Build Orders: MMM Bio 

Get SALT Encoding   

  12  0:00  SCV  
  13  0:13  SCV  
  14  0:20  Supply Depot  
  14  0:25  SCV  
  15  0:42  SCV  
  16  0:43  Barracks  
  16  0:50  Refinery  
  16  0:54  SCV  
  17  1:06  SCV  
  18  1:18  SCV  
  19  1:21  Supply Depot  
  19  1:31  SCV, Marine  
  21  1:42  Barracks  
  21  1:43  Orbital Command  
  21  1:50  Barracks Tech Lab, Refinery  
  21  2:08  Marine  
  22  2:10  Supply Depot  
  22  2:26  Marine  
  22  2:28  Marine  
  24  2:43  Marine  
  25  2:46  Supply Depot, Marine  
  26  3:01  Marine  
  26  3:04  Marine  
  28  3:14  SCV  
  31  3:20  Supply Depot, Marauder  
  31  3:22  Marine  
  31  3:26  SCV  
  33  3:34  Engineering Bay  
  33  3:38  SCV  
  33  3:40  Marine  
  35  3:43  Marine  
  36  3:50  SCV  
  37  3:58  Marine  
  37  4:01  Marauder  
  41  4:02  SCV  
  41  4:15  SCV  
  41  4:16  Marine  
  43  4:22  Marine  
  44  4:41  Marauder  
  46  5:02  Marauder  
  48  6:21  Barracks Tech Lab  
  48  6:22  Terran Infantry Weapons Level 1, Stimpack  
  48  6:23  Factory  
  48  6:25  Factory  
  48  6:29  Command Center, Supply Depot  
  48  6:31  Missile Turret  
  48  6:33  Missile Turret  
  48  6:35  Barracks  
  48  6:39  Concussive Shells  
  48  6:54  Supply Depot  
  48  6:56  Bunker  
  48  7:07  Factory Tech Lab  
  48  7:08  Marine  
  43  7:09  Starport  
  43  7:15  Factory Tech Lab, Starport  
  40  7:16  Marine  
  40  7:21  Combat Shields  
  34  7:25  Marine  
  35  7:34  Marine  
  30  7:41  SCV  
  30  7:42  Marine  
  30  7:43  SCV  
  33  7:51  Marine  
  34  7:52  Refinery  
  34  7:53  SCV, Missile Turret  
  34  7:55  SCV  
  34  7:56  Missile Turret  
  34  7:57  Refinery  
  36  7:59  Marine, Sensor Tower, Starport Tech Lab x2  
  37  8:05  SCV  
  37  8:07  SCV  
  37  8:08  Marine  
  40  8:16  Terran Infantry Armor Level 1, Marine  
  40  8:17  Raven  
  40  8:18  SCV, Raven, Armory  
  40  8:19  SCV  
  47  8:26  Marauder  
  49  8:30  SCV, Bunker  
  49  8:33  SCV  
  53  8:34  Marauder  
  53  8:35  Barracks Reactor  
  53  8:42  SCV  
  53  8:45  SCV  
  53  8:47  Marauder  
  57  8:51  Siege Tank  
  57  8:54  SCV  
  61  8:57  SCV  
  61  8:59  Widow Mine  
  64  9:06  SCV  
  64  9:09  SCV  
  66  9:18  SCV  
  66  9:21  SCV  
  66  9:23  Siege Tank  
  71  9:27  Widow Mine  
  71  9:30  SCV  
  74  9:33  SCV  
  75  10:39  Medivac  
  75  10:40  Marine, Terran Infantry Weapons Level 2, Medivac  
  75  10:41  Supply Depot, Terran Vehicle Weapons Level 1  
  80  10:43  Engineering Bay  
  80  10:44  Marine  
  80  10:49  Marine  
  82  10:51  Command Center, Ghost Academy  
  82  11:03  Marauder  
  84  11:07  Cyclone, Fusion Core  
  84  11:08  Supply Depot, Terran Infantry Armor Level 2  
  84  11:09  Raven  
  84  11:10  Medivac  
  81  11:11  Thor  
  81  11:14  Armory  
  81  11:15  Marine  
  88  11:20  Marine  
  88  11:24  Marine  
  90  11:28  Marine  
  90  11:32  Supply Depot  
  91  11:33  Marine  
  92  11:41  Marine  
  92  11:42  Marine  
  94  11:50  Marine  
  94  11:51  Marine  
  95  12:01  Terran Vehicle And Ship Armor Level 1  
  95  12:03  SCV  
  95  12:05  SCV  
  95  12:06  SCV  
  95  12:07  Refinery  
  98  12:10  Missile Turret  
  98  12:13  Missile Turret  
  98  12:16  SCV, Refinery  
  98  12:17  SCV  
  98  12:18  SCV  
  101  12:28  SCV  
  101  12:29  SCV  
  103  12:31  SCV  
  103  12:33  Bunker  
  103  12:35  Terran Ship Weapons Level 1  
  104  12:40  SCV  
  104  12:42  SCV  
  104  12:44  SCV  
  107  12:52  SCV  
  107  12:54  SCV  
  107  12:56  SCV  
  110  13:01  Supply Depot  
  110  13:04  SCV  
  109  13:06  SCV  
  109  13:08  SCV, Marauder  
  109  13:12  Viking  
  95  13:14  Missile Turret, Raven  
  95  13:16  SCV, Hellion  
  95  13:19  Missile Turret  
  65  13:20  Marauder  
  65  13:23  Hellion  
  54  13:29  Marauder  
  54  13:31  Marine  
  54  13:35  Marine  
  54  13:41  Raven, Marauder  
  56  13:44  Hellion  
  56  13:47  Hellion  
  61  13:51  Marine  
  62  13:55  Marine  
  62  13:57  Medivac  
  62  14:00  Marine  
  66  14:04  Marine  
  66  14:08  Hellion  
  52  14:12  Marine  
  52  14:17  Marine  
  28  14:22  Command Center  
  28  14:24  Marine  
  27  14:27  Medivac  
  23  14:31  Marine  
  23  14:32  SCV  
  16  14:38  Marine  
Tags
 
Composition
MMM BioMMM Bio
Matchup
TvT
Race
Terran
Add a new tag
Caveats
  • Supply blocks, unpowered buildings, or Contaminate may cause inaccurate times.
  • Supply counts are checked every 10 seconds.